 Dungeon Crawl Stone Soup version 0.30-a0-870-gc5d4c5acee (webtiles) character file.

Game seed: 9399537457330219733

109 Esekla the Sneak (level 4, 30/31 HPs)
             Began as an Octopode Delver on Mar 12, 2023.
             Quit the game on level 5 of the Dungeon.
             The game lasted 00:12:16 (344 turns).

Esekla the Sneak (Octopode Delver)                   Turns: 344, Time: 00:12:16

Health: 30/31      AC:  1    Str: 11    XL:     4   Next: 89%
Magic:  5/5        EV: 13    Int: 14    God:
Gold:   46         SH:  0    Dex: 13    Spells: 5/5 levels left

rFire   . . .      SeeInvis .    a - +0 falchion
rCold   . . .      Faith    .    (no shield)
rNeg    . . .      Spirit   .    (helmet restricted)
rPois   .          Reflect  .    (no amulet)
rElec   .          Rampage  .    (no ring)
rCorr   .                        (no ring)
Will    .....                    (no ring)
Stlth   +++++                    (no ring)
HPRegen 0.25/turn                (no ring)
MPRegen 0.09/turn                (no ring)
                                 (no ring)
                                 (no ring)

@: no status effects
A: almost no armour, amphibious, 8 rings, camouflage 1, gelatinous body 1,
(nimble swimmer 1), tentacles
a: no special abilities


You were on level 5 of the Dungeon.
You visited 1 branch of the dungeon, and saw 1 of its levels.

You collected 46 gold pieces.

Inventory:

Hand Weapons
 a - a +0 falchion (weapon)
 i - a +0 trident
 k - a +0 dagger
Wands
 f - a wand of digging (3)
Scrolls
 b - a scroll of fog
 d - a scroll of fear
 j - 5 scrolls of teleportation {unknown}
Potions
 c - 2 potions of heal wounds {unknown}
 e - 2 potions of haste
 g - a potion of flight {unknown}
 h - 2 potions of curing {unknown}


   Skills:
 * Level 3.5 Fighting
 * Level 2.7 Long Blades
 * Level 2.4 Dodging
 + Level 7.6 Stealth
 * Level 1.1 Spellcasting


You had 5 spell levels left.
You didn't know any spells.
Your spell library was empty.

Dungeon Overview and Level Annotations

Branches:
Dungeon (5/15)
 Temple: D:4-7

Altars:
Cheibriados
Kikubaaqudgha
Xom
The Shining One

Shops:
D:5 *


Innate Abilities, Weirdness & Mutations

You cannot wear most types of armour.
You are amphibious.
You can wear up to eight rings at the same time.
Your skin changes colour to match your surroundings (Stealth+).
Your rubbery body absorbs attacks. (AC +1, EV +1)
((You are camouflaged when in or above water. (Stealth+)))
You have tentacles for arms and can constrict up to eight enemies at once.


Message History

You kill the orc!
You see here a +0 whip.
You now have 22 gold pieces (gained 13).
Found a helmet.
You now have 41 gold pieces (gained 19).
A hound comes into view.
Found a fizzy brown potion.
Found 5 gold pieces.
k - a +0 dagger (weapon)
The helpless hound fails to defend itself.
You impale the hound!!
You kill the hound!
You now have 46 gold pieces (gained 5).
h - 2 fizzy brown potions (gained 1)
Found a stone staircase leading up.
There is a stone staircase leading up here.
Found 4 stones.
A quokka comes into view.
Found a scroll labelled EPTOXIPTOL.
Found Koymoty's General Store.
A dart slug comes into view.
The helpless quokka fails to defend itself.
You impale the quokka!!
You kill the quokka!
The dart slug launches a dart at you. The slug dart hits you.
You hit the dart slug. You grab the dart slug.
The dart slug is lightly wounded.
You constrict the dart slug. The dart slug bites you.
a - a +0 falchion (weapon)
You constrict the dart slug, but do no damage.
You hit the dart slug.
The dart slug is heavily wounded.
You constrict the dart slug. The dart slug barely misses you.
You hit the dart slug.
You kill the dart slug!
You see here a dart slug corpse.
j - 5 scrolls labelled EPTOXIPTOL (gained 1)
There is an entrance to Koymoty's General Store here.
You can access your shopping list by pressing '$'.
Are you sure you want to abandon this character and quit the game? (Confirm with "yes".)

######## ##......##
##........##
#..........#
#..........# *****
#..........# ,,,,*
#...†......# ,,,,*
#..........#
,,,,**####......@.##
,,,,.........(.....#
,,,,#####..........#
,,,,* #..........#
,,,,* #..........#
,,,,* #..........#
,,*** ##.........##
*,* #..#......## #.*
#.#########


There were no monsters in sight!

Vanquished Creatures
  2 hounds (D:5)
  An orc wizard (D:5)
  An ufetubus (D:5)
  2 dart slugs (D:5)
  3 orcs (D:5)
  4 jackals (D:5)
  A quokka (D:5)
14 creatures vanquished.

Notes
Turn   | Place    | Note
-------+----------+-------------------------------------------
     0 | D:5      | Esekla the Octopode Delver began the quest for the Orb.
     0 | D:5      | Reached XP level 1. HP: 16/16 MP: 1/1
    13 | D:5      | Noticed a scorpion
    21 | D:5      | Noticed an iguana
    34 | D:5      | Noticed a hound
    54 | D:5      | Noticed a hound
    67 | D:5      | Killed a hound
    68 | D:5      | Reached skill level 7 in Stealth
    68 | D:5      | Reached XP level 2. HP: 7/21 MP: 2/2
    68 | D:5      | Reached XP level 3. HP: 8/26 MP: 3/3
   209 | D:5      | Found a faded altar of an unknown god.
   209 | D:5      | Found a shimmering altar of Xom.
   214 | D:5      | Found a glowing golden altar of the Shining One.
   216 | D:5      | Found a snail-covered altar of Cheibriados.
   217 | D:5      | Found an ancient bone altar of Kikubaaqudgha.
   259 | D:5      | Reached skill level 1 in Spellcasting
   259 | D:5      | Reached XP level 4. HP: 25/31 MP: 5/5
   321 | D:5      | Found Koymoty's General Store.
   344 | D:5      | Quit the game

Illustrated notes

Levels and vault maps discovered:
D:5:      layout_rooms, chequers_temple_overflow_minitemple, serial_shops, shop,
          minmay_misc_feat_hallway

Skill      XL: |  1  2  3 |
---------------+----------+-----
Stealth        | 7 |  7.6
Spellcasting   | 1 |  1.1
Fighting       | |  3.5
Long Blades    | |  2.7
Dodging        | |  2.4

Action                     |  1- 3 |  4- 6 || total
---------------------------+-------+-------++-------
  Melee: Falchion          |    28 |     3 ||    31
         Constrict         |     7 |     1 ||     8
         Tentacles         |     7 |     1 ||     8
         Punch             |     1 |       ||     1
         Dagger            |       |     3 ||     3
    Use: Scroll            |     1 |       ||     1
   Stab: Sleeping          |       |     2 ||     2
 Armour: Skin              |     2 |       ||     2
  Dodge: Dodged            |    20 |     1 ||    21

Table legend: (Time is in decaauts)
 A = Elapsed time spent in this place.
 B = Non-inter-level travel time spent in this place.
 C = Inter-level travel time spent in this place.
 D = Time resting spent in this place.
 E = Time spent auto-exploring this place.
 F = Levels seen in this place.
 G = Mean time per level.
                   A        B        C        D        E       F      G
               +--------+--------+--------+--------+--------+-----+--------+
         Total |    348 |    348 |      0 |     82 |      0 |   1 |  348.0 |
       Dungeon |    348 |    348 |      0 |     82 |      0 |   1 |  348.0 |
               +--------+--------+--------+--------+--------+-----+--------+

Top non-repeatable levels by time:
     D:5: 348 daAuts
